Map: Lerilak Crest

Players

Olympian

  • Race: Terran Terran
  • League: Platinum

LindyHop - Winner!

  • Race: Zerg Zerg
  • League: Platinum

VOD

Have the link to the VOD?

Description

Time

  • Played on: Jan. 19, 2016, 8:32 p.m.
  • Length: 10:42
Show
View Real Time Build Order
Export as new Build Order

Olympian Terran 

Build Orders: MMM Bio 

Get SALT Encoding   

  12  0:01  SCV  
  13  0:13  SCV  
  14  0:18  Supply Depot  
  14  0:25  SCV  
  15  0:39  SCV  
  16  0:43  Barracks  
  16  0:48  Refinery  
  16  0:51  SCV  
  17  1:04  SCV  
  18  1:16  SCV  
  19  1:30  Orbital Command  
  19  1:33  Reaper  
  19  1:38  Supply Depot  
  20  1:57  SCV  
  21  2:09  Command Center  
  21  2:22  Supply Depot  
  21  2:23  SCV, Barracks Reactor  
  22  2:31  Bunker  
  21  2:41  SCV  
  22  2:45  Factory  
  22  2:52  Bunker  
  22  2:53  SCV  
  23  3:05  SCV  
  23  3:11  Marine x2  
  26  3:18  Barracks  
  26  3:21  Orbital Command  
  26  3:28  Supply Depot, Refinery  
  26  3:31  Supply Depot  
  26  3:33  Hellion, Marine x2  
  30  3:34  Refinery  
  30  3:44  Supply Depot  
  30  3:45  SCV  
  31  3:55  Supply Depot  
  31  3:56  Marine  
  31  3:57  SCV  
  33  4:04  Refinery  
  33  4:07  Hellion  
  33  4:09  Barracks Tech Lab  
  35  4:16  SCV x2  
  36  4:34  Factory Tech Lab  
  36  4:36  Marine x2  
  36  4:37  Starport  
  38  4:48  SCV x2  
  38  4:52  Stimpack  
  40  4:55  Widow Mine  
  40  4:56  Marine x2  
  40  4:58  Marauder  
  46  5:04  Starport  
  46  5:05  Supply Depot  
  46  5:07  Supply Depot  
  46  5:12  Engineering Bay  
  46  5:13  SCV  
  47  5:15  SCV  
  48  5:25  SCV  
  50  5:34  Barracks  
  50  5:38  Factory Tech Lab  
  50  5:39  Banshee  
  52  5:43  SCV  
  52  5:44  SCV  
  54  5:50  Starport Reactor  
  54  6:00  SCV x2  
  54  6:14  SCV x2  
  54  6:22  Supply Depot  
  54  6:27  Raven  
  54  6:29  SCV x2  
  58  6:36  Supply Depot  
  58  6:38  Marine x2  
  58  6:39  Marine  
  61  6:42  SCV x2  
  63  6:54  SCV x2  
  63  6:56  Marine x3  
  63  6:59  Supply Depot  
  65  7:05  Missile Turret  
  65  7:06  SCV x2  
  65  7:07  Missile Turret, Marine  
  68  7:09  Missile Turret  
  68  7:14  Marine x2  
  68  7:15  Missile Turret, Marauder  
  71  7:20  Missile Turret x2  
  69  7:28  Combat Shields  
  70  7:30  Missile Turret  
  70  7:31  Barracks Reactor  
  70  7:32  Marine x2  
  70  7:36  Marine  
  72  7:40  Missile Turret  
  72  7:41  Hi-Sec Auto Tracking  
  72  7:45  Missile Turret  
  72  7:50  Marine x2  
  74  7:53  Marine  
  74  7:56  Missile Turret  
  72  8:07  Marine x4  
  72  8:11  Marine  
  72  8:12  Missile Turret  
  77  8:15  SCV x2  
  77  8:18  Missile Turret  
  79  8:23  Medivac  
  79  8:25  Marine x4  
  85  8:29  Marine  
  85  8:31  Missile Turret  
  86  8:35  Engineering Bay  
  86  8:37  Missile Turret  
  86  8:39  Supply Depot  
  86  8:43  Marine  
  86  8:44  SCV x2  
  89  8:51  Supply Depot  
  89  8:52  Medivac  
  91  8:56  SCV x2  
  91  8:58  Medivac x2  
  91  8:59  Missile Turret  
  97  9:08  SCV x2  
  99  9:11  Marine x2  
  99  9:12  Marauder, Marine x2  
  104  9:20  SCV  
  105  9:30  Command Center  
  105  9:31  Missile Turret  
  105  9:33  Marauder  
  107  9:52  Marine  
  69  9:53  Marine x3  
  69  9:55  Marauder  
  75  10:07  Command Center  
  75  10:10  Marine x2  
  75  10:11  Marine  
  75  10:12  Supply Depot  
  79  10:14  SCV  
  79  10:16  Marauder  
Show
View Real Time Build Order
Export as new Build Order

LindyHop Zerg - Winner!

Build Orders: Hatch First, Muta Ling Bane 

Get SALT Encoding   

  12  0:01  Drone  
  13  0:12  Overlord  
  13  0:17  Drone  
  14  0:30  Drone x2  
  14  0:34  Drone  
  17  0:55  Hatchery  
  16  0:59  Drone  
  17  1:12  Spawning Pool  
  17  1:16  Drone  
  17  1:27  Drone x2  
  17  1:28  Extractor  
  18  1:39  Overlord  
  18  1:41  Drone  
  19  1:58  Extractor  
  19  1:59  Queen  
  20  2:06  Queen  
  22  2:08  Zergling x2  
  22  2:09  Zergling x2  
  22  2:10  Drone  
  22  2:12  Drone  
  26  2:21  Drone  
  26  2:22  Drone  
  28  2:40  Drone x2  
  28  2:41  Drone  
  30  2:46  Queen, Zergling x2  
  30  2:51  Overlord  
  33  2:55  Metabolic Boost  
  33  3:08  Drone x2  
  33  3:10  Overlord  
  35  3:18  Drone x2  
  35  3:19  Drone x5  
  42  3:33  Roach Warren, Extractor  
  40  3:39  Drone  
  40  3:40  Drone x3  
  44  3:46  Lair  
  44  3:47  Drone x2  
  46  3:57  Drone x4, Extractor  
  46  3:58  Extractor  
  48  4:11  Drone x3  
  51  4:18  Overlord x3  
  51  4:35  Overlord x2  
  51  4:41  Hatchery  
  51  4:43  Roach x2  
  54  5:07  Spire  
  54  5:09  Evolution Chamber  
  54  5:10  Evolution Chamber  
  51  5:15  Zergling x6  
  51  5:16  Zergling x14  
  61  5:24  Zergling x2  
  62  5:48  Drone x8  
  69  6:18  Mutalisk x11  
  68  6:22  Drone  
  91  6:26  Mutalisk  
  91  6:28  Drone  
  94  6:34  Zerg Flyer Weapons Level 1  
  94  6:45  Mutalisk  
  96  6:51  Overseer  
  93  6:54  Overseer  
  93  7:01  Zergling x2  
  93  7:02  Zergling x4  
  93  7:05  Zerg Melee Weapons Level 1  
  93  7:06  Baneling Nest  
  95  7:19  Drone x2  
  97  7:25  Extractor x2  
  95  7:38  Zerg Ground Armor Level 1  
  95  7:41  Drone x2  
  95  7:42  Overlord x6  
  93  8:07  Zergling x4  
  93  8:08  Zergling x20  
  105  8:24  Zergling x2  
  105  8:25  Zergling x14  
  113  8:28  Hatchery, Baneling  
  113  8:29  Centrifical Hooks, Baneling x10  
  112  8:35  Pneumatized Carapace  
  112  8:44  Hatchery, Drone x7  
  118  9:27  Corruptor x4  
  126  9:35  Infestation Pit  
  124  9:50  Mutalisk  
  124  9:51  Mutalisk x3  
  124  9:52  Zergling x6  
  129  9:54  Zergling x4  
  129  9:55  Zergling x2  
  132  10:09  Zergling x10  
  132  10:12  Baneling x5  
  132  10:13  Baneling x5  
Tags
 
Add a new tag
Caveats
  • Supply blocks, unpowered buildings, or Contaminate may cause inaccurate times.
  • Supply counts are checked every 10 seconds.